AoeStats
← Yorshka

Lombardia

508426235Analyzed
2v2 RM · 10d ago on Sep 22, 2026· 45m 3s· 4 players
Game mode
Random Map
Map size
Medium (4 player)
Population
200
Speed
Normal
Resources
Standard
Victory
Conquest
Starting age
Dark Age
Ending age
Imperial Age
RankedLock teamsTeams togetherTeam positionsShared explorationLock speedFull tech treeHidden civsTurbo modeCheats
Victory
Defeat
🇨🇳 Tupi · China
1696
+10
🇨🇳 Magyars · China
1374
+23
🇨🇳 Mapuche · China
1550
-17
🇵🇹 Bengalis · Portugal
1534
-16
_kmkm_
10:43 Feudal Age
15:08 Castle Age
13:52 Double-Bit Axe
14:55 Horse Collar
15:08 Fletching
19:54 Bow Saw
22:48 Town Watch
23:41 Padded Archer Armor
23:58 Loom
24:37 Bodkin Arrow
27:38 Wheelbarrow
27:40 Heavy Plow
27:55 Gold Mining
27:56 Stone Mining
30:18 Gold Shaft Mining
31:04 Ballistics
31:33 Hand Cart
35:46 Imperial Age
35:16 Paiks
35:28 Leather Archer Armor
36:31 Bracer
37:34 Chemistry
37:06 Conscription
37:31 Ring Archer Armor
39:03 Two-Man Saw
39:17 Elite Ratha (Ranged)
44:31 Elite Elephant Archer
郁离
10:35 Feudal Age
14:50 Castle Age
12:47 Double-Bit Axe
14:45 Fletching
14:58 Gold Mining
15:10 Padded Archer Armor
15:43 Loom
15:54 Bodkin Arrow
23:47 Wheelbarrow
29:35 Ballistics
36:50 Malon
41:48 Imperial Age
42:38 Bow Saw
41:53 Elite Bolas Rider
42:41 Horse Collar
43:55 Leather Archer Armor
46:02 Chemistry
Yorshka
8:12 Loom
10:26 Feudal Age
14:05 Castle Age
13:35 Fletching
13:33 Double-Bit Axe
18:17 Bodkin Arrow
19:10 Horse Collar
20:43 Padded Archer Armor
22:11 Ballistics
23:42 Leather Archer Armor
28:00 Bow Saw
30:23 Heavy Plow
31:01 Wheelbarrow
31:16 Gold Mining
33:12 Town Watch
33:44 Hand Cart
37:18 Imperial Age
35:29 Town Patrol
36:38 Scale Mail Armor
37:16 Forging
37:25 Squires
36:47 Champi Runner
37:43 Chain Mail Armor
38:58 Iron Casting
38:17 Elite Ibirapema Warrior
38:20 Champi Warrior
39:34 Plate Mail Armor
39:42 Iron Casting
40:15 Two-Man Saw
39:50 Gold Shaft Mining
39:12 Elite Champi Warrior
40:31 Coinage
40:35 Caciques
40:54 Conscription
40:59 Arson
42:32 Hoardings
43:02 Chemistry
42:53 Treadmill Crane
42:59 Arrowslits
43:49 Caravan
44:21 Banking
43:54 Stone Mining
44:34 Bracer
44:45 Murder Holes
45:18 Caravan
偷猪的简笔
5:24 Loom
8:50 Feudal Age
9:27 Double-Bit Axe
10:07 Horse Collar
18:19 Castle Age
16:51 Gold Mining
17:29 Scale Barding Armor
18:22 Bloodlines
18:30 Light Cavalry
20:29 Bow Saw
23:26 Husbandry
25:32 Wheelbarrow
27:40 Hand Cart
27:10 Town Watch
28:01 Chain Barding Armor
31:28 Gold Shaft Mining
36:12 Imperial Age
34:19 Corvinian Army
34:50 Heavy Plow
35:15 Town Patrol
35:26 Stone Mining
36:16 Elite Magyar Huszar
37:38 Plate Barding Armor
37:35 Fletching
38:12 Conscription
38:57 Ballistics
39:38 Chemistry
39:40 Thumb Ring
40:01 Parthian Tactics
40:12 Conscription
40:25 Bodkin Arrow
40:31 Padded Archer Armor
40:30 Heavy Cavalry Archer
41:24 Recurve Bow
42:08 Bracer
42:24 Leather Archer Armor
44:47 Ring Archer Armor
44:50 Siege Engineers
44:25 Treadmill Crane
Connection lost

Rejoining the realm…

Still unreachable

The connection could not be restored.

Session expired

The server has moved on; the page needs a fresh start.